 Dungeon Crawl Stone Soup version 0.23-a0-451-g1044d4c (webtiles) character file.

44 galech the Skirmisher (level 3, 29/29 HPs)
             Began as a Demonspawn Fighter on Nov 23, 2018.
             Quit the game on level 2 of the Dungeon.
             The game lasted 00:00:57 (1396 turns).

galech the Skirmisher (Demonspawn Fighter)          Turns: 1396, Time: 00:00:58

Health: 29/29      AC:  6    Str: 16    XL:     3   Next: 39%
Magic:  3/3        EV:  6    Int:  9    God:
Gold:   61         SH:  9    Dex: 13    Spells: 2/2 levels left

rFire    . . .     SeeInvis .   a - +0 war axe
rCold    . . .     Gourm    .   c - +0 shield
rNeg     . . .     Faith    .   b - +0 scale mail
rPois    .         Spirit   .   (helmet restricted)
rElec    .         Reflect  .   (no cloak)
rCorr    .         Harm     .   (no gloves)
MR       .....                  (no boots)
Stlth    ..........             (no amulet)
HPRegen  0.09/turn              (no ring)
MPRegen  0.08/turn              (no ring)

@: no status effects
A: antennae 1, talons 1
a: no special abilities


You were on level 2 of the Dungeon.
You were not hungry.

You visited 1 branch of the dungeon, and saw 2 of its levels.

You collected 61 gold pieces.

Inventory:

Hand Weapons
 a - a +0 war axe (weapon)
Armour
 b - a +0 scale mail (worn)
 c - a +0 shield (worn)
Scrolls
 e - 2 scrolls of enchant armour {unknown}
 g - 2 scrolls of teleportation {unknown}
 h - a scroll of remove curse {unknown}
 i - a scroll of noise {unknown}
 k - a scroll of identify {unknown}
Potions
 d - a potion of might
Comestibles
 f - 2 rations


   Skills:
 + Level 3.4 Fighting
 + Level 2.2 Axes
 + Level 3.1 Armour
 + Level 0.1 Dodging
 + Level 3.1 Shields


You had 2 spell levels left.
You didn't know any spells.
Your spell library was empty.

Dungeon Overview and Level Annotations

Branches:
Dungeon (2/15)

Altars:


Innate Abilities, Weirdness & Mutations

You have a pair of small antennae on your head.
You have sharp toenails.


Message History

You see here a goblin corpse.
You butcher the goblin corpse.
j - a chunk of flesh You see here a goblin skeleton.
g - 2 scrolls labeled ZEUPSA MUIZXI (gained 1)
k - a scroll labeled GYKKOL EMOG Eating a chunk of flesh.
You eat the chunk of flesh.
This raw flesh tastes terrible.
HP restored.
e - 2 scrolls labeled SEARUY IFFIGA (gained 1)
Found 21 arrows.
A quokka comes into view.
A kobold comes into view. It is wielding a +0 short sword.
The kobold shouts!
You hear an angry hiss.
A giant cockroach comes into view.
The kobold throws a stone.
You block the stone.
Found a stone staircase leading down.
Things that are here:
a stone; a ration Are you sure you want to abandon this character and quit the game? (Confirm

##.# #..# ....
#.### .... #...#
..... ###.##
..... #..##
...... ##..##
#..(...
##..#####.r.....
##.....@.......
#######......s
......K .......
#.....> #.....
#####


You could see a quokka, a giant cockroach (wandering) and a kobold.

Vanquished Creatures
  2 adders (D:2)
  2 dart slugs (D:1)
  2 bats (D:1)
  A giant cockroach (D:2)
  3 goblins (D:2)
  A hobgoblin (D:2)
  2 jackals (D:2)
  A ball python (D:1)
  3 frilled lizards
  3 kobolds
  3 rats
23 creatures vanquished.

Notes
Turn   | Place    | Note
-------+----------+-------------------------------------------
     0 | D:1      | galech the Demonspawn Fighter began the quest for the Orb.
     0 | D:1      | Reached XP level 1. HP: 18/18 MP: 1/1
    87 | D:1      | Gained mutation: You have a pair of small antennae on your
                  | head. [demonic ancestry]
    87 | D:1      | Reached XP level 2. HP: 19/24 MP: 2/2
   942 | D:2      | Gained mutation: You have sharp toenails. [demonic
                  | ancestry]
   942 | D:2      | Reached XP level 3. HP: 17/29 MP: 3/3
  1396 | D:2      | Quit the game

Vault maps used:
D:1:      saegor_arrival_under_anarchy, minmay_misc_feat_tower
D:2:      overflow_temple_1_default, minmay_octomino_j4

Skill      XL: |  1  2 |
---------------+-------+-----
Armour         | 3 |  3.1
Axes           | 2 |  2.2
Shields        | 3 |  3.1
Fighting       | |  3.4
Dodging        | |  0.1

Action                   || total
-------------------------++-------
Melee: War axe           ||    60
       Kick              ||     2
  Use: Potion            ||     1
  Eat: Chunk             ||     2
Armor: Scale mail        ||    26
Dodge: Dodged            ||    16
Block: Shield            ||    32

Table legend:
 A = Non-vault XP
 B = Vault XP
 C = Vault XP percentage of total XP
 D = Non-vault monster count
 E = Vault monster count
 F = Vault count percentage of total count
                 A         B        C        D         E       F
            +---------+---------+-------+---------+---------+-------
      Total |      63 |       0 |   0.0 |      23 |       0 |   0.0
            +---------+---------+-------+---------+---------+-------
        D:1 |      17 |       0 |   0.0 |       9 |       0 |   0.0
        D:2 |      46 |       0 |   0.0 |      14 |       0 |   0.0
            +---------+---------+-------+---------+---------+-------
